 Dungeon Crawl Stone Soup version 0.18.1-6-gd335043 (webtiles) character file.

38 epen the Unweaver (level 3, -15/29 HPs)
             Began as a Demonspawn Abyssal Knight on May 19, 2016.
             Was a Follower of Lugonu.
             Demolished by Terence
             ... wielding a +6 flail of holy wrath
              (19 damage)
             ... on level 2 of the Dungeon.
             The game lasted 00:04:24 (1259 turns).

epen the Unweaver (Demonspawn Abyssal Knight)       Turns: 1259, Time: 00:04:24

Health: -15/29     AC:  3    Str: 13    XL:     3   Next: 25%
Magic:  5/5        EV: 11    Int: 13    God:    Lugonu [*.....]
Gold:   21         SH:  0    Dex: 12    Spells: 0 memorised, 2 levels left

rFire  . . .     SeeInvis .     (no weapon)
rCold  . . .     Gourm    .     b - +0 leather armour
rNeg   . . .     Faith    .     (no shield)
rPois  .         Spirit   .     (no helmet)
rElec  .         Dismiss  .     (no cloak)
rCorr  .         Reflect  .     (no gloves)
SustAt .         Harm     .     (no boots)
MR     .....                    (no amulet)
Stlth  +.........               (no ring)
                                (no ring)

@: not resistant to hostile enchantments, very unstealthy
A: claws 1, demonic guardian 1
a: Depart the Abyss, Renounce Religion


You were on level 2 of the Dungeon.
You worshipped Lugonu.
Lugonu was aware of your devotion.
You were very hungry.

You visited 1 branch of the dungeon, and saw 2 of its levels.
You visited the Abyss 1 time.

You collected 21 gold pieces.

Inventory:

Hand Weapons
 a - a +1 falchion
Armour
 b - a +0 leather armour (worn)
Scrolls
 d - a scroll of enchant weapon {unknown}
 e - 2 scrolls of identify {unknown}
 f - a scroll of recharging {unknown}
 g - a scroll of noise {unknown}
 j - a scroll of fog {unknown}
Potions
 h - a potion of degeneration {unknown}
 i - a potion of brilliance {unknown}
Comestibles
 c - 2 bread rations


   Skills:
 + Level 3.1 Fighting
 - Level 2.2 Long Blades
 + Level 2.0 Armour
 + Level 1.4 Dodging
 * Level 0.0 Unarmed Combat
 * Level 3.4 Invocations


You had 2 spell levels left.
You didn't know any spells.

Dungeon Overview and Level Annotations

Branches:
Dungeon (2/15)

Altars:

Annotations:
D:2 Terence


Innate Abilities, Weirdness & Mutations

You have sharp fingernails.
A weak demonic guardian rushes to your aid.


Message History

Your ufetubus completely misses Terence.
Found a hand axe.
Your ufetubus hits Terence but does no damage. x2
Your ufetubus closely misses Terence.
Your ufetubus hits Terence but does no damage.
Your ufetubus hits Terence but does no damage.
Your ufetubus hits Terence.
Your ufetubus closely misses Terence.
Your ufetubus hits Terence.
Your ufetubus hits Terence but does no damage. x2
Terence says, "Time to say good-bye..."
Your ufetubus barely misses Terence.
Your ufetubus hits Terence but does no damage.
Your ufetubus disappears in a puff of smoke!
Your iron imp hits Terence.
Terence hits you with a flail of holy wrath!
Ouch! That really hurt!
* * * LOW HITPOINT WARNING * * *
You convulse!!
Ouch! That really hurt!
You die...

# #.#........5##.####.# #
#.#.#######.#.....# #
#.#.# #.#..##.# # #.#.#
#.#..<#.# #.#.# #.#.....#
#.#.# #.#..####.#
#####.#.#######.#.5.....#
..............#.##.######
#...........#.#.@@........
#.†.........#..###.#######
#...........#). ..#
#...........#.. .?#
#...........#.. ...#
#...........#.. ...#
#...........#......#
#####+#.##### .# .#


You could see Terence.

Vanquished Creatures
  An adder (D:1)
  A gnoll (D:2)
  3 bats
  3 giant cockroaches
  A hobgoblin (D:1)
  A giant newt (D:1)
  A goblin (D:1)
  2 kobolds (D:1)
  6 rats
19 creatures vanquished.

Vanquished Creatures (collateral kills)
  An adder (D:2)
1 creature vanquished.

Grand Total: 20 creatures vanquished

Notes
Turn   | Place    | Note
--------------------------------------------------------------
     0 | Abyss:1  | epen the Demonspawn Abyssal Knight began the quest for the Orb.
     0 | Abyss:1  | Reached XP level 1. HP: 18/18 MP: 2/2
    21 | D:1      | Escaped the Abyss
    49 | D:1      | Reached skill level 1 in Dodging
   191 | D:1      | Gained mutation: A weak demonic guardian rushes to your aid. [demonic ancestry]
   191 | D:1      | Reached XP level 2. HP: 17/24 MP: 4/4
  1037 | D:2      | Gained mutation: You have sharp fingernails. [demonic ancestry]
  1037 | D:2      | Reached XP level 3. HP: 20/29 MP: 5/5
  1051 | D:2      | Noticed Terence
  1259 | D:2      | Demolished by Terence

Skill      XL: |  1  2 |
---------------+-------+-----
Dodging        | 1 |  1.4
Long Blades    | 2 |  2.2
Armour         | 2 |  2.0
Invocations    | 3 |  3.4
Fighting       | |  3.1

Action                   || total
-------------------------++-------
Melee: Falchion          ||    65
       Unarmed           ||     8
  Use: Potion            ||     1
Armor: Leather armour    ||    27
Dodge: Dodged            ||    47
